 Dungeon Crawl Stone Soup version 0.19.0-11-g3fc08b3 (webtiles) character file.

282 Chiseanne the Magician (level 6, 41/41 HPs)
             Began as a Demonspawn Wizard on Nov 9, 2016.
             Quit the game on level 3 of the Dungeon.
             The game lasted 00:07:09 (3884 turns).

Chiseanne the Magician (Demonspawn Wizard)          Turns: 3884, Time: 00:07:10

Health: 41/41      AC: 10    Str:  8    XL:     6   Next: 6%
Magic:  5/13       EV: 12    Int: 21    God:
Gold:   161        SH:  0    Dex: 15    Spells: 4 memorised, 5 levels left

rFire  . . .     SeeInvis .     a - +1 quarterstaff
rCold  + . .     Gourm    .     o - +0 robe
rNeg   . . .     Faith    .     (shield currently unavailable)
rPois  .         Spirit   .     b - +1 hat
rElec  .         Reflect  .     i - +2 cloak
rCorr  +         Harm     .     x - +2 pair of gloves
MR     .....                    t - +0 pair of boots
Stlth  +++.......               (no amulet)
                                (no ring)
                                j - ring of resist corrosion

@: no status effects
A: hooves 1, thin skeletal structure 2, cold resistance 1
a: no special abilities


You were on level 3 of the Dungeon.
You were not hungry.

You visited 1 branch of the dungeon, and saw 3 of its levels.

You collected 161 gold pieces.

Inventory:

Hand Weapons
 a - a +1 quarterstaff (weapon)
 c - a +0 flail of crushing
Missiles
 f - 15 bolts
 g - 146 stones (quivered)
 h - 84 arrows
Armour
 b - a +1 hat (worn)
 i - a +2 cloak (worn)
 o - a +0 robe (worn)
 t - a +0 pair of boots (worn)
 x - a +2 pair of gloves (worn)
Jewellery
 j - a ring of resist corrosion (left hand)
Wands
 q - a wand of random effects (25/48)
 w - a wand of digging (23/24)
Scrolls
 e - 2 scrolls of recharging
 k - 4 scrolls of teleportation
 m - 4 scrolls of remove curse
 n - a scroll of identify
 p - a scroll of random uselessness {unknown}
Potions
 r - a potion of flight
 s - a potion of lignification
 z - a potion of brilliance {unknown}
Comestibles
 d - 4 bread rations
 l - 2 meat rations
 u - a slice of pizza


   Skills:
 - Level 1.7 Dodging
 - Level 1.7 Stealth
 * Level 4.8 Spellcasting
 * Level 4.4 Conjurations
   Level 1.0 Summonings
 - Level 0.8 Translocations


You had 5 spell levels left.
You knew the following spells:

 Your Spells              Type           Power        Failure   Level  Hunger
a - Magic Dart            Conj           ###.         1%          1    None
b - Mephitic Cloud        Conj/Pois/Air  ##......     21%         3    ##.....
c - Conjure Flame         Conj/Fire      ##......     17%         3    ##.....
d - Blink                 Tloc           N/A          12%         2    None


Dungeon Overview and Level Annotations

Branches:
Dungeon (3/15)

Altars:
Ashenzari


Innate Abilities, Weirdness & Mutations

You have large cloven feet.
You have a moderately thin skeletal structure. (Dex +4, Stealth+)
Your flesh is cold resistant. (rC+)


Message History

a - a +1 quarterstaff (weapon)
The goblin shouts!
Things that are here:
a ring mail; an orc corpse You barely miss the goblin.
The goblin barely misses you. The goblin hits you but does no damage.
You hit the goblin.
The goblin is severely wounded.
The goblin closely misses you.
You barely miss the goblin.
The goblin is severely wounded.
The goblin closely misses you.
You hit the goblin.
You kill the goblin!
You see here a goblin corpse.
Things that are here:
a club; a chain mail; an orc corpse Are you sure you want to abandon this character and quit the game? (Confirm with "yes".)
Okay, then.
Are you sure you want to abandon this character and quit the game? (Confirm with "yes".)

### #.##############
#..............#
##.#....#######.#
#....##.# #.#
######..####.# #.#
#............# #.#
#.####..##########.#.#
#.#.##..#...[.[†@..#.#
.......>#.##########.#
#.#.....#............#
#.#.......############
#.#<............<
#.#.......###########
#.#.......# #.....#
#.#.......# #.###.#
#.#.......# #.# #.#


There were no monsters in sight!

Vanquished Creatures
  A centaur skeleton (D:3)
  Natasha (thrice) (D:2)
  An iguana (D:3)
  3 adders
  3 oozes
  2 worms (D:3)
  3 dart slugs
  5 leopard geckos
  3 orcs (D:3)
  A giant cockroach (D:2)
  12 goblins
  12 hobgoblins
  5 jackals
  10 kobolds
  A ball python (D:2)
  11 bats
  6 frilled lizards
  11 rats
93 creatures vanquished.

Notes
Turn   | Place    | Note
-------+----------+-------------------------------------------
     0 | D:1      | Chiseanne the Demonspawn Wizard began the quest for the Orb.
     0 | D:1      | Reached XP level 1. HP: 13/13 MP: 4/4
   399 | D:1      | Gained mutation: You have a somewhat thin skeletal structure. (Dex +2, Stealth) [demonic ancestry]
   399 | D:1      | Reached XP level 2. HP: 10/19 MP: 1/6
  1470 | D:2      | Gained mutation: Your flesh is cold resistant. (rC+) [demonic ancestry]
  1470 | D:2      | Reached XP level 3. HP: 24/24 MP: 1/7
  1598 | D:2      | Noticed Natasha
  1607 | D:2      | Killed Natasha
  1692 | D:2      | Noticed Natasha
  1714 | D:2      | Killed Natasha
  1714 | D:2      | Reached XP level 4. HP: 8/30 MP: 2/10
  2289 | D:2      | Noticed Natasha
  2296 | D:2      | Killed Natasha
  2483 | D:2      | Gained mutation: You have large cloven feet. [demonic ancestry]
  2483 | D:2      | Reached XP level 5. HP: 34/35 MP: 0/11
  3376 | D:3      | Learned a level 3 spell: Mephitic Cloud
  3380 | D:3      | Learned a level 3 spell: Conjure Flame
  3383 | D:3      | Learned a level 2 spell: Blink
  3526 | D:3      | Found a shattered altar of Ashenzari.
  3823 | D:3      | Gained mutation: You have a moderately thin skeletal structure. (Dex +4, Stealth+) [demonic ancestry]
  3823 | D:3      | Reached XP level 6. HP: 41/41 MP: 9/13
  3884 | D:3      | Quit the game

Skill      XL: |  1  2  3  4  5 |
---------------+----------------+-----
Conjurations   | 2 3 4 |  4.4
Spellcasting   | 4 |  4.8
Dodging        | |  1.7
Stealth        | |  1.7
Summonings     | |  1.0
Translocations | |  0.8

Action                   |  1- 3 |  4- 6 || total
-------------------------+-------+-------++-------
Melee: Unarmed           |    13 |       ||    13
       Short sword       |    33 |     4 ||    37
       Quarterstaff      |       |    12 ||    12
 Cast: Magic Dart        |    68 |   149 ||   217
  Use: Potion            |     1 |       ||     1
       Scroll            |       |    13 ||    13
  Eat: Chunk             |     2 |     7 ||     9
Armor: Robe              |     9 |    13 ||    22
Dodge: Dodged            |    34 |    26 ||    60
